[Event "Turkish Super League 2019"]
[Site "Konya"]
[Date "2019.07.26"]
[Round "11"]
[White "Kamer, Kayra"]
[Black "Samani, Yamac"]
[Result "1-0"]
[ECO "D56"]
[WhiteElo "2340"]
[BlackElo "2266"]
[Annotator "NA"]
[PlyCount "77"]
[EventDate "2019.07.17"]
[EventType "team-tourn"]
[EventCountry "TUR"]
[SourceTitle "playchess.com"]
[Source "ChessBase"]
[SourceQuality "1"]
[TimeControl "40/5400+30:1800+30"]

1. Nf3 Nf6 2. c4 e6 3. d4 d5 4. Nc3 Be7 5. Bg5 h6 6. Bh4 O-O 7. e3 Ne4 8. Bxe7 Qxe7 9. Bd3 Nxc3 10. bxc3 dxc4 11. Bxc4 b6 12. Qe2 Bb7 13. O-O c5 14. e4 Nc6 15. Rad1 Rfd8 16. Rfe1 Rac8 17. Rd2 cxd4 18. cxd4 Qb4 19. Rb2 Qc3 20. d5 Nd4 21. Nxd4 Qxc4 22. Qd1 exd5 23. e5 Kh8 24. Rb3 Qa4 25. Qd2 Rc4 26. Nf5 Rf4 27. Nd6 Bc8 28. g3 Rd4 29. Nxf7+ Kg8 30. Qc2 Rf8 31. e6 Bxe6 32. Nxh6+ Kh8 33. Rxe6 Qd7 34. Rbe3 gxh6 35. Rxh6+ Kg8 36. Rg6+ Kh8 37. Ree6 Rf7 38. Qc3 Qa4 39. Qc8+ 1-0

[Event "Turkish Super League 2019"]
[Site "Konya"]
[Date "2019.07.26"]
[Round "11"]
[White "Ozturk, Kubra"]
[Black "Maltsevskaya, Aleksandra"]
[Result "1-0"]
[ECO "E97"]
[WhiteElo "2317"]
[BlackElo "2294"]
[Annotator "NA"]
[PlyCount "87"]
[EventDate "2019.07.17"]
[EventType "team-tourn"]
[EventCountry "TUR"]
[SourceTitle "playchess.com"]
[Source "ChessBase"]
[SourceQuality "1"]
[TimeControl "40/5400+30:1800+30"]

1. d4 Nf6 2. c4 g6 3. Nc3 Bg7 4. e4 d6 5. Nf3 O-O 6. Be2 e5 7. O-O Nc6 8. dxe5 dxe5 9. Bg5 Qxd1 10. Rfxd1 h6 11. Be3 Bg4 12. h3 Bxf3 13. Bxf3 Rfd8 14. Rxd8+ Rxd8 15. Nb5 Nd4 16. Nxc7 Nc2 17. Rd1 Rxd1+ 18. Bxd1 Nxe3 19. fxe3 Nxe4 20. Bf3 Nc5 21. b4 e4 22. bxc5 exf3 23. Nb5 Bf8 24. c6 bxc6 25. Nxa7 Bc5 26. Nxc6 Bxe3+ 27. Kf1 fxg2+ 28. Kxg2 f5 29. a4 Kf7 30. a5 g5 31. a6 Ke6 32. a7 Bxa7 33. Nxa7 h5 34. Nb5 g4 35. h4 f4 36. Nc3 Kd6 37. Kf2 Ke6 38. c5 Ke5 39. c6 Kd6 40. c7 Kd7 41. Nd5 f3 42. Nf6+ Kxc7 43. Nxh5 Kd6 44. Nf6 1-0

[Event "Turkish Super League 2019"]
[Site "Konya"]
[Date "2019.07.26"]
[Round "11"]
[White "Injac, Teodora"]
[Black "Yildiz Kadioglu, Betul Cemre"]
[Result "0-1"]
[ECO "A07"]
[WhiteElo "2305"]
[BlackElo "2290"]
[Annotator "NA"]
[PlyCount "76"]
[EventDate "2019.07.17"]
[EventType "team-tourn"]
[EventCountry "TUR"]
[SourceTitle "playchess.com"]
[Source "ChessBase"]
[SourceQuality "1"]
[TimeControl "40/5400+30:1800+30"]

1. Nf3 d5 2. g3 Nf6 3. Bg2 b5 4. a4 b4 5. c4 e6 6. cxd5 exd5 7. O-O Bd6 8. d4 O-O 9. Nbd2 Nbd7 10. a5 Ba6 11. Re1 Re8 12. Nh4 g6 13. e4 dxe4 14. Nxe4 Nxe4 15. Bxe4 Rb8 16. Bh6 Nf6 17. Bf3 Rxe1+ 18. Qxe1 Qe8 19. Qd2 Qb5 20. d5 Qd3 21. Qxd3 Bxd3 22. Be3 a6 23. Bd4 Nd7 24. Rd1 Bb5 25. Bg2 Nc5 26. Nf3 Nb3 27. Bf6 Nxa5 28. Nd4 Bc4 29. Nc6 Nxc6 30. dxc6 Re8 31. Bh3 Bb5 32. Bd7 Re2 33. Bg4 Rc2 34. h4 h5 35. Re1 hxg4 36. Re8+ Bf8 37. Be7 Rc1+ 38. Kh2 Rh1+ 0-1

[Event "Turkish Super League 2019"]
[Site "Konya"]
[Date "2019.07.26"]
[Round "11"]
[White "Sevgi, Volkan"]
[Black "Erdogan, Anil Berk"]
[Result "1-0"]
[ECO "A04"]
[WhiteElo "2302"]
[BlackElo "2116"]
[Annotator "NA"]
[PlyCount "81"]
[EventDate "2019.07.17"]
[EventType "team-tourn"]
[EventCountry "TUR"]
[SourceTitle "playchess.com"]
[Source "ChessBase"]
[SourceQuality "1"]
[TimeControl "40/5400+30:1800+30"]

1. Nf3 g6 2. g3 Bg7 3. Bg2 e5 4. e4 Nc6 5. O-O Nge7 6. c4 d6 7. Nc3 O-O 8. d3 h6 9. Be3 Bg4 10. Nd5 Nd4 11. Bxd4 exd4 12. Qb3 Nxd5 13. cxd5 Bxf3 14. Bxf3 c5 15. Qxb7 Qb8 16. Qa6 Qb6 17. Qa3 a5 18. Rfc1 Qb4 19. Qxb4 axb4 20. Kg2 Rfe8 21. a4 bxa3 22. bxa3 Reb8 23. Bd1 Bf6 24. a4 Bd8 25. Rcb1 Ba5 26. Rb5 Rxb5 27. axb5 Ra7 28. f4 f6 29. e5 fxe5 30. fxe5 dxe5 31. d6 Kf8 32. Kf3 Ke8 33. Ke4 Bb6 34. Ra6 Rb7 35. Kxe5 Bd8 36. Bf3 Rb8 37. Ra7 Kf8 38. Bd5 Bb6 39. Rf7+ Ke8 40. Ke6 c4 41. Bc6+ 1-0

[Event "Turkish Super League 2019"]
[Site "Konya"]
[Date "2019.07.26"]
[Round "11"]
[White "Annaberdiyev, Babageldi"]
[Black "Keler, Faruk"]
[Result "1/2-1/2"]
[ECO "D31"]
[WhiteElo "2244"]
[BlackElo "2263"]
[Annotator "NA"]
[PlyCount "105"]
[EventDate "2019.07.17"]
[EventType "team-tourn"]
[EventCountry "TUR"]
[SourceTitle "playchess.com"]
[Source "ChessBase"]
[SourceQuality "1"]
[TimeControl "40/5400+30:1800+30"]

1. d4 d5 2. Nf3 Nf6 3. c4 e6 4. e3 a6 5. cxd5 exd5 6. Bd3 Bd6 7. Nc3 O-O 8. Qc2 Re8 9. h3 b6 10. Bd2 Bb7 11. Rd1 c5 12. O-O c4 13. Be2 b5 14. a3 Nbd7 15. Nh4 g6 16. f4 Nh5 17. Nf5 gxf5 18. Bxh5 Qf6 19. Bf3 Nb6 20. Ne2 Bc8 21. Ba5 Rb8 22. Nc3 Be6 23. Bxb6 Rxb6 24. Bxd5 b4 25. axb4 Rxb4 26. Bf3 Reb8 27. Rb1 Rb3 28. Kh1 a5 29. Qe2 Bb4 30. Nd5 Qd8 31. Nxb4 R8xb4 32. d5 Bd7 33. Rfd1 Qb6 34. e4 Re3 35. Qf1 fxe4 36. Be2 Ba4 37. Rdc1 Qd4 38. Bxc4 Bb3 39. Bxb3 Rbxb3 40. Rc8+ Kg7 41. f5 Qe5 42. f6+ Kh6 43. Rg8 Rg3 44. Rxg3 Rxg3 45. Rd1 Rg6 46. Qe2 Rxf6 47. d6 Rxd6 48. Rxd6+ Qxd6 49. Qxe4 Qd1+ 50. Kh2 Qd6+ 51. Kh1 Qd1+ 52. Kh2 Qd6+ 53. Kh1 1/2-1/2

[Event "Turkish Super League 2019"]
[Site "Konya"]
[Date "2019.07.26"]
[Round "11"]
[White "Demircioglu, Emre"]
[Black "Karagollu, Ahmet"]
[Result "1/2-1/2"]
[ECO "E62"]
[WhiteElo "2242"]
[BlackElo "2135"]
[Annotator "NA"]
[PlyCount "68"]
[EventDate "2019.07.17"]
[EventType "team-tourn"]
[EventCountry "TUR"]
[SourceTitle "playchess.com"]
[Source "ChessBase"]
[SourceQuality "1"]
[TimeControl "40/5400+30:1800+30"]

1. Nf3 Nf6 2. g3 g6 3. Bg2 Bg7 4. O-O O-O 5. c4 d6 6. d4 Nc6 7. Nc3 Bg4 8. h3 Bxf3 9. Bxf3 Nd7 10. e3 e5 11. d5 Ne7 12. e4 f5 13. Bg2 Nf6 14. Be3 Qd7 15. Kh2 Rf7 16. Rc1 Raf8 17. b4 f4 18. Bd2 g5 19. Re1 Ng6 20. Qa4 Qd8 21. Rh1 g4 22. Kg1 h5 23. h4 a6 24. c5 Bh6 25. Rd1 Nd7 26. c6 Nb6 27. Qb3 Qf6 28. Be1 fxg3 29. fxg3 Be3+ 30. Kh2 Nxh4 31. gxh4 Bf4+ 32. Kg1 Be3+ 33. Kh2 Bf4+ 34. Kg1 Be3+ 1/2-1/2

[Event "Turkish Super League 2019"]
[Site "Konya"]
[Date "2019.07.26"]
[Round "11"]
[White "Unat, Can Haktan"]
[Black "Cansun, Can Alp"]
[Result "1/2-1/2"]
[ECO "D00"]
[WhiteElo "2034"]
[BlackElo "2121"]
[Annotator "NA"]
[PlyCount "120"]
[EventDate "2019.07.17"]
[EventType "team-tourn"]
[EventCountry "TUR"]
[SourceTitle "playchess.com"]
[Source "ChessBase"]
[SourceQuality "1"]
[TimeControl "40/5400+30:1800+30"]

1. d4 Nf6 2. Nc3 d5 3. Bf4 e6 4. e3 a6 5. Nf3 c5 6. dxc5 Bxc5 7. Bd3 Nc6 8. O-O h6 9. a3 O-O 10. b4 Ba7 11. e4 b5 12. exd5 Nxd5 13. Nxd5 Qxd5 14. Re1 Bb7 15. Be4 Qxd1 16. Raxd1 Rfd8 17. Ne5 Rxd1 18. Rxd1 Rd8 19. Rxd8+ Nxd8 20. Bxb7 Nxb7 21. Nc6 Bb6 22. Nb8 a5 23. Nd7 Bd4 24. Be5 Bxe5 25. Nxe5 axb4 26. axb4 f6 27. Nd3 e5 28. f4 e4 29. Nb2 Nd6 30. Kf2 Kf7 31. Ke3 Ke6 32. Kd4 f5 33. Nd1 Nc4 34. h3 Kd6 35. g4 g6 36. Nf2 Na3 37. Kc3 Kd5 38. Nh1 Nb1+ 39. Kb2 e3 40. Ng3 Nd2 41. gxf5 gxf5 42. c3 Nf3 43. Kc2 Ng1 44. h4 Nh3 45. Nxf5 e2 46. Kd2 Nxf4 47. Ng3 Kc4 48. Ne4 Kd5 49. Ng3 e1=Q+ 50. Kxe1 Ng2+ 51. Ke2 Nxh4 52. Kd3 Ng6 53. Ke3 Ne5 54. Kf4 Nf7 55. Kf5 Nd6+ 56. Kg6 Kc4 57. Ne2 Kd3 58. Nd4 h5 59. Kxh5 Kxc3 60. Nxb5+ Nxb5 1/2-1/2

[Event "Turkish Super League 2019"]
[Site "Konya"]
[Date "2019.07.26"]
[Round "11"]
[White "Aydin, Hakan Arda"]
[Black "Heberla, Bartlomiej"]
[Result "0-1"]
[ECO "B80"]
[WhiteElo "1956"]
[BlackElo "2534"]
[Annotator "ChessBase"]
[PlyCount "70"]
[EventDate "2019.07.17"]
[EventType "team-tourn"]
[EventCountry "TUR"]
[SourceTitle "playchess.com"]
[Source "ChessBase"]
[SourceQuality "1"]
[TimeControl "40/5400+30:1800+30"]

1. e4 c5 2. Nf3 e6 3. d4 cxd4 4. Nxd4 Nf6 5. Nc3 d6 6. Bg5 h6 7. Be3 a6 8. f3 b5 9. a3 Bb7 10. Qd2 Nbd7 11. g4 Rc8 12. O-O-O Nb6 13. h4 Nfd7 14. g5 hxg5 15. Bxg5 Qc7 16. Qg2 Ne5 17. Qh3 Qd7 18. f4 Nec4 19. Bxc4 Nxc4 20. f5 e5 21. Ne6 Nb6 22. Rh2 Rc6 23. Rhd2 f6 24. Be3 Rxc3 25. bxc3 Nc4 26. Rd5 Bxd5 27. Rxd5 g5 28. Bf2 Qc6 29. Qg4 Nxa3 30. Rd3 Qc4 31. hxg5 Qa2 32. Kd2 Qxc2+ 33. Ke3 Nc4+ 34. Kf3 Rh2 35. Nc7+ Kd7 0-1

[Event "Turkish Super League 2019"]
[Site "Konya"]
[Date "2019.07.27"]
[Round "12"]
[White "Tomashevsky, Evgeny"]
[Black "Moiseenko, Vadim"]
[Result "1-0"]
[ECO "D30"]
[WhiteElo "2702"]
[BlackElo "2523"]
[Annotator "ChessBase"]
[PlyCount "102"]
[EventDate "2019.07.17"]
[EventType "team-tourn"]
[EventCountry "TUR"]
[SourceTitle "playchess.com"]
[Source "ChessBase"]
[SourceQuality "1"]
[TimeControl "40/5400+30:1800+30"]

1. d4 d5 2. c4 e6 3. Nf3 c6 4. e3 Nd7 5. Bd3 Bd6 6. O-O Qe7 7. Nc3 Ngf6 8. c5 Bc7 9. e4 dxe4 10. Nxe4 Nxe4 11. Bxe4 O-O 12. Bg5 f6 13. Bh4 Rd8 14. Qb3 Nf8 15. Bg3 Rb8 16. Qa3 a6 17. Rad1 Kh8 18. Rfe1 Bxg3 19. hxg3 Qc7 20. Qc3 b6 21. Nd2 bxc5 22. dxc5 e5 23. Nc4 Rxd1 24. Rxd1 Ne6 25. Nd6 Nd4 26. Rxd4 exd4 27. Qc4 g6 28. Qxd4 Qe7 29. Bxc6 a5 30. a3 Kg7 31. Kh2 Qe5 32. Qxe5 fxe5 33. b4 axb4 34. axb4 Rxb4 35. Nxc8 Rc4 36. Nb6 Rxc5 37. Be4 Kf7 38. g4 Ke6 39. f3 Rb5 40. Nc4 Rc5 41. Nd2 Ra5 42. g5 Ra7 43. Nc4 Ra4 44. Ne3 Ra5 45. Kg3 Kf7 46. Bd5+ Kg7 47. Kf2 h6 48. gxh6+ Kxh6 49. Be4 Kg5 50. Kg3 Ra2 51. Ng4 Ra5 1-0

[Event "Turkish Super League 2019"]
[Site "Konya"]
[Date "2019.07.27"]
[Round "12"]
[White "Inarkiev, Ernesto"]
[Black "Dastan, Muhammed Batuhan"]
[Result "0-1"]
[ECO "D15"]
[WhiteElo "2693"]
[BlackElo "2565"]
[Annotator "ChessBase"]
[PlyCount "150"]
[EventDate "2019.07.17"]
[EventType "team-tourn"]
[EventCountry "TUR"]
[SourceTitle "playchess.com"]
[Source "ChessBase"]
[SourceQuality "1"]
[TimeControl "40/5400+30:1800+30"]

1. c4 c6 2. d4 d5 3. Nf3 Nf6 4. e3 a6 5. Nc3 b5 6. b3 Bg4 7. a4 Bxf3 8. gxf3 bxc4 9. bxc4 e6 10. c5 Nbd7 11. a5 e5 12. Qa4 Qc7 13. Na2 exd4 14. exd4 Bxc5 15. Be3 Be7 16. Nb4 Nb8 17. Rc1 O-O 18. Bd3 Qd7 19. Nxc6 Bd6 20. Qc2 Nxc6 21. Qxc6 Qe6 22. Qa4 Qh3 23. Be2 Rab8 24. Qc6 Ba3 25. Bxa6 Rfe8 26. Ke2 Re6 27. Rb1 Rxc6 28. Rxb8+ Bf8 29. Bd3 Nd7 30. Re8 Nf6 31. Rb8 Qd7 32. a6 Rxa6 33. Bxa6 Qa7 34. Rxf8+ Kxf8 35. Bd3 Qa2+ 36. Kf1 Qb3 37. Ke2 Qb2+ 38. Kf1 Qa3 39. Ke2 Qd6 40. Ra1 Qb8 41. Kf1 Nh5 42. Kg1 Nf4 43. Rb1 Qd6 44. Bxf4 Qxf4 45. Kg2 Qxd4 46. Rb3 Ke7 47. Bf1 Qf4 48. h3 Kf6 49. Re3 Kg5 50. Rd3 Qe5 51. Re3 Qf5 52. Rd3 Kf4 53. Rd4+ Ke5 54. Rd3 Qg5+ 55. Kh2 Kf4 56. Be2 Qe5 57. Bf1 Qd6 58. Kg2 Qg6+ 59. Kh1 Qd6 60. Kg2 d4 61. Kg1 Qg6+ 62. Kh1 Ke5 63. Rb3 Qc2 64. Rb5+ Kf4 65. Kg1 Kxf3 66. Bg2+ Ke2 67. Bf1+ Kd2 68. Rd5 Qg6+ 69. Bg2 d3 70. Rd8 Qf6 71. Rd7 Ke2 72. Bf1+ Ke1 73. Bxd3 Qxf2+ 74. Kh1 Qf3+ 75. Kh2 Kf2 0-1

[Event "Turkish Super League 2019"]
[Site "Konya"]
[Date "2019.07.27"]
[Round "12"]
[White "Firouzja, Alireza"]
[Black "Haznedaroglu, Kivanc"]
[Result "1-0"]
[ECO "C95"]
[WhiteElo "2685"]
[BlackElo "2448"]
[Annotator "ChessBase"]
[PlyCount "79"]
[EventDate "2019.07.17"]
[EventType "team-tourn"]
[EventCountry "TUR"]
[SourceTitle "playchess.com"]
[Source "ChessBase"]
[SourceQuality "1"]
[TimeControl "40/5400+30:1800+30"]

1. e4 e5 2. Nf3 Nc6 3. Bb5 a6 4. Ba4 Nf6 5. O-O Be7 6. Re1 b5 7. Bb3 d6 8. c3 O-O 9. h3 Nb8 10. d4 Nbd7 11. Nbd2 Bb7 12. Bc2 Re8 13. Nf1 Bf8 14. Ng3 g6 15. Bg5 h6 16. Bd2 Bg7 17. Qc1 Kh7 18. h4 c5 19. d5 c4 20. h5 Nc5 21. b4 cxb3 22. axb3 a5 23. b4 axb4 24. Rxa8 Qxa8 25. cxb4 Na4 26. Bd3 Rc8 27. Qa3 Ba6 28. Rc1 Qb7 29. hxg6+ fxg6 30. Ne2 Nd7 31. Nc3 Nxc3 32. Rxc3 Bf6 33. Ne1 Bd8 34. Nc2 Nb6 35. Rc6 Rxc6 36. dxc6 Qc8 37. Ne3 Na4 38. Qa2 Qc7 39. Qe6 Kg7 40. Qe8 1-0

[Event "Turkish Super League 2019"]
[Site "Konya"]
[Date "2019.07.27"]
[Round "12"]
[White "Kuzubov, Yuriy"]
[Black "Benidze, Davit"]
[Result "1-0"]
[ECO "B07"]
[WhiteElo "2671"]
[BlackElo "2469"]
[Annotator "ChessBase"]
[PlyCount "105"]
[EventDate "2019.07.17"]
[EventType "team-tourn"]
[EventCountry "TUR"]
[SourceTitle "playchess.com"]
[Source "ChessBase"]
[SourceQuality "1"]
[TimeControl "40/5400+30:1800+30"]

1. d4 Nf6 2. Bf4 d6 3. Nc3 g6 4. Qd2 c6 5. e4 Bg7 6. Bh6 Bxh6 7. Qxh6 e5 8. Nf3 Qe7 9. dxe5 dxe5 10. Bc4 b5 11. Bb3 Be6 12. O-O Nbd7 13. h3 Bxb3 14. axb3 b4 15. Na2 Nxe4 16. Nxb4 Qxb4 17. Ra4 Qd6 18. Rxe4 f5 19. Ra4 e4 20. Nd2 Nb6 21. Qg7 Rf8 22. Nxe4 Qe7 23. Nd6+ Kd7 24. Qxe7+ Kxe7 25. Rd4 c5 26. Rdd1 Rfd8 27. Rfe1+ Kf6 28. Nb7 Rxd1 29. Rxd1 Rc8 30. Nd6 Rc6 31. Kf1 a5 32. Nb5 c4 33. bxc4 Nxc4 34. b3 Nb6 35. Rd6+ Rxd6 36. Nxd6 a4 37. Nb5 axb3 38. cxb3 Ke5 39. Ke2 Kd5 40. Nc3+ Kd4 41. Kd2 g5 42. Ne2+ Ke4 43. Ng3+ Ke5 44. Kd3 Nd5 45. Ne2 f4 46. Nd4 Nf6 47. Nf3+ Kf5 48. b4 g4 49. hxg4+ Nxg4 50. Ke2 Nf6 51. b5 Ne4 52. b6 Nc5 53. Nd2 1-0

[Event "Turkish Super League 2019"]
[Site "Konya"]
[Date "2019.07.27"]
[Round "12"]
[White "Demchenko, Anton"]
[Black "Durarbayli, Vasif"]
[Result "1/2-1/2"]
[ECO "B31"]
[WhiteElo "2665"]
[BlackElo "2637"]
[Annotator "ChessBase"]
[PlyCount "111"]
[EventDate "2019.07.17"]
[EventType "team-tourn"]
[EventCountry "TUR"]
[SourceTitle "playchess.com"]
[Source "ChessBase"]
[SourceQuality "1"]
[TimeControl "40/5400+30:1800+30"]

1. e4 c5 2. Nf3 Nc6 3. Bb5 g6 4. O-O Bg7 5. Nc3 Nh6 6. Re1 O-O 7. h3 f5 8. d3 Nd4 9. Bc4+ e6 10. Nxd4 cxd4 11. Bxh6 Bxh6 12. Nb5 Qb6 13. e5 a6 14. Nd6 Bg5 15. Qf3 Rb8 16. Bb3 Qc5 17. Qg3 Be7 18. Qf4 b5 19. c3 dxc3 20. d4 Qc7 21. Rac1 b4 22. bxc3 bxc3 23. d5 Kg7 24. Qd4 Qb6 25. Qxc3 Kh6 26. Red1 Bh4 27. g3 Bg5 28. Rc2 f4 29. g4 Bh4 30. Rdd2 a5 31. dxe6 dxe6 32. Qc7 Qxc7 33. Rxc7 a4 34. Bxa4 Rb1+ 35. Rd1 Rb2 36. Rxc8 Bxf2+ 37. Kf1 Rxc8 38. Nxc8 Bg3 39. Bc6 Rf2+ 40. Kg1 f3 41. Bxf3 Rxf3 42. Kg2 Ra3 43. Nd6 Bf4 44. Nf7+ Kg7 45. Nd8 Bxe5 46. Rd7+ Kg8 47. Nxe6 Rxa2+ 48. Kf3 Rh2 49. Ke4 Bf6 50. Nf4 Rh1 51. Rd3 Bg5 52. Ne6 Re1+ 53. Kd5 Be7 54. Rf3 Rd1+ 55. Ke4 Re1+ 56. Kd5 1/2-1/2

[Event "Turkish Super League 2019"]
[Site "Konya"]
[Date "2019.07.27"]
[Round "12"]
[White "Alekseenko, Kirill"]
[Black "Sanal, Vahap"]
[Result "1-0"]
[ECO "C45"]
[WhiteElo "2650"]
[BlackElo "2520"]
[Annotator "ChessBase"]
[PlyCount "71"]
[EventDate "2019.07.17"]
[EventType "team-tourn"]
[EventCountry "TUR"]
[SourceTitle "playchess.com"]
[Source "ChessBase"]
[SourceQuality "1"]
[TimeControl "40/5400+30:1800+30"]

1. e4 e5 2. Nf3 Nc6 3. d4 exd4 4. Nxd4 Qf6 5. Nf3 Bb4+ 6. Nbd2 Nge7 7. Be2 Ng6 8. c3 Bc5 9. Nb3 Bb6 10. Bg5 Qe6 11. Qc2 h6 12. Bd2 O-O 13. O-O d5 14. Bd3 dxe4 15. Bxe4 f5 16. Bd3 Nce5 17. Nxe5 Nxe5 18. Rae1 f4 19. Nd4 Bxd4 20. cxd4 f3 21. Rxe5 Qg4 22. Bh7+ Kh8 23. Qg6 Qxg2+ 24. Qxg2 fxg2 25. Rc1 Kxh7 26. Rxc7 Bf5 27. Rxb7 Rae8 28. Ree7 Rxe7 29. Rxe7 Bb1 30. d5 Rd8 31. Bc3 Kg6 32. Rxg7+ Kh5 33. Rxa7 Be4 34. Ra4 Bxd5 35. Rd4 Kg6 36. f3 1-0

[Event "Turkish Super League 2019"]
[Site "Konya"]
[Date "2019.07.27"]
[Round "12"]
[White "Kravtsiv, Martyn"]
[Black "Annaberdiev, Meilis"]
[Result "1-0"]
[ECO "C30"]
[WhiteElo "2628"]
[BlackElo "2515"]
[Annotator "ChessBase"]
[PlyCount "107"]
[EventDate "2019.07.17"]
[EventType "team-tourn"]
[EventCountry "TUR"]
[SourceTitle "playchess.com"]
[Source "ChessBase"]
[SourceQuality "1"]
[TimeControl "40/5400+30:1800+30"]

1. e4 e5 2. Bc4 Nf6 3. d3 Nc6 4. Nc3 Bc5 5. f4 d6 6. Nf3 a6 7. Nd5 h6 8. c3 Ba7 9. Rf1 exf4 10. Bxf4 Be6 11. Nxf6+ Qxf6 12. Bxe6 Qxe6 13. Qb3 O-O-O 14. Qxe6+ fxe6 15. Ke2 Rhf8 16. Bg3 Ne7 17. d4 Rf7 18. h4 Ng6 19. Nd2 Rdf8 20. Rxf7 Rxf7 21. Rf1 Rxf1 22. Nxf1 h5 23. Ne3 Kd7 24. Kf3 b5 25. Nc2 Nh8 26. Nb4 a5 27. Nd3 g6 28. Bf2 Ke7 29. Nf4 c5 30. dxc5 Bxc5 31. Bxc5 dxc5 32. e5 Kd7 33. Ke4 a4 34. a3 Ke7 35. Ke3 Kd7 36. Kd3 Ke7 37. c4 b4 38. Ke3 Kd7 39. Ke4 Nf7 40. Nxg6 Nh6 41. Nf4 Ng4 42. Nd3 Kc6 43. axb4 cxb4 44. Kd4 b3 45. Kc3 Ne3 46. g3 Nf1 47. Kb4 Nd2 48. Kxa4 Nxc4 49. Kb4 Nxb2 50. Nxb2 Kd5 51. Kxb3 Ke4 52. Kc4 Kf3 53. Nd3 Kxg3 54. Kc5 1-0

[Event "Turkish Super League 2019"]
[Site "Konya"]
[Date "2019.07.27"]
[Round "12"]
[White "Yilmaz, Mustafa"]
[Black "Selbes, Tarik"]
[Result "1/2-1/2"]
[ECO "E63"]
[WhiteElo "2618"]
[BlackElo "2342"]
[Annotator "ChessBase"]
[PlyCount "92"]
[EventDate "2019.07.17"]
[EventType "team-tourn"]
[EventCountry "TUR"]
[SourceTitle "playchess.com"]
[Source "ChessBase"]
[SourceQuality "1"]
[TimeControl "40/5400+30:1800+30"]

1. d4 Nf6 2. c4 g6 3. Nf3 Bg7 4. g3 O-O 5. Bg2 d6 6. O-O a6 7. Nc3 Nc6 8. b3 Rb8 9. d5 Na5 10. Bg5 b5 11. cxb5 axb5 12. b4 Nc4 13. Qb3 h6 14. Nd4 hxg5 15. Nc6 Qe8 16. Nxb8 Nd2 17. Qa3 Nxf1 18. Rxf1 Bb7 19. Nc6 e6 20. dxe6 Bxc6 21. e7 Qxe7 22. Bxc6 Ng4 23. e3 Ne5 24. Bxb5 Nf3+ 25. Kg2 Nd2 26. Bc6 Nxf1 27. Kxf1 f5 28. Nd5 Qe5 29. Qb3 Kh7 30. a4 Bh6 31. Qc3 Qe6 32. Nxc7 Qa2 33. Nd5 f4 34. exf4 gxf4 35. gxf4 Bxf4 36. Nf6+ Rxf6 37. Qxf6 Qc4+ 38. Ke1 Qxb4+ 39. Ke2 Qc4+ 40. Kf3 Qxc6+ 41. Kxf4 Qxa4+ 42. Kg3 Qd7 43. Qh4+ Kg7 44. Qd4+ Kh7 45. Qh4+ Kg7 46. Qd4+ Kh7 1/2-1/2

[Event "Turkish Super League 2019"]
[Site "Konya"]
[Date "2019.07.27"]
[Round "12"]
[White "Rakhmanov, Aleksandr"]
[Black "Can, Emre"]
[Result "1/2-1/2"]
[ECO "D78"]
[WhiteElo "2615"]
[BlackElo "2595"]
[Annotator "ChessBase"]
[PlyCount "128"]
[EventDate "2019.07.17"]
[EventType "team-tourn"]
[EventCountry "TUR"]
[SourceTitle "playchess.com"]
[Source "ChessBase"]
[SourceQuality "1"]
[TimeControl "40/5400+30:1800+30"]

1. Nf3 g6 2. g3 Bg7 3. d4 d5 4. Bg2 Nf6 5. c4 c6 6. Qa4 O-O 7. O-O dxc4 8. Qxc4 Bf5 9. Nc3 Nbd7 10. h3 a5 11. Qb3 Nb6 12. a4 Be6 13. Qc2 Nfd5 14. Nxd5 Qxd5 15. Bg5 Rfe8 16. Ra3 Qc4 17. Qxc4 Nxc4 18. Rb3 Nd6 19. Ra3 Ra6 20. b3 Rb6 21. Rb1 Bd5 22. Bf4 Bxf3 23. Bxf3 Bxd4 24. Bxd6 exd6 25. Ra2 Rb4 26. Rd2 d5 27. Rd3 f5 28. e3 Bb6 29. h4 Kf7 30. Kg2 Kf6 31. Rc1 Ke5 32. Rcd1 Kd6 33. Rc1 Ke5 34. Rcd1 Ke6 35. Rc1 Bd8 36. Rcd1 Bf6 37. Rh1 Ra8 38. Bd1 Kd6 39. Bc2 Re8 40. Rc1 Rbe4 41. Bd1 Bd8 42. Bf3 R4e5 43. Rb1 Kc7 44. Rh1 R5e7 45. Rc3 Kd6 46. Rd3 Bb6 47. Rhd1 Ke5 48. Rh1 Rd8 49. Rhd1 Red7 50. Rc1 Rd6 51. Re1 R8d7 52. Red1 d4 53. exd4+ Rxd4 54. Be2 Rxd3 55. Bxd3 Rd4 56. Re1+ Kd6 57. Bc4 Rd2 58. Re6+ Kd7 59. Re2 Rd6 60. h5 Bd4 61. hxg6 hxg6 62. f4 Bf6 63. Re3 Bd4 64. Re2 Bf6 1/2-1/2

[Event "Turkish Super League 2019"]
[Site "Konya"]
[Date "2019.07.27"]
[Round "12"]
[White "Romanov, Evgeny"]
[Black "Esen, Baris"]
[Result "1-0"]
[ECO "B52"]
[WhiteElo "2582"]
[BlackElo "2478"]
[Annotator "ChessBase"]
[PlyCount "85"]
[EventDate "2019.07.17"]
[EventType "team-tourn"]
[EventCountry "TUR"]
[SourceTitle "playchess.com"]
[Source "ChessBase"]
[SourceQuality "1"]
[TimeControl "40/5400+30:1800+30"]

1. e4 c5 2. Nf3 d6 3. Bb5+ Bd7 4. Bxd7+ Nxd7 5. O-O Ngf6 6. Re1 e6 7. b3 Be7 8. Bb2 O-O 9. c4 e5 10. Nc3 Ne8 11. h3 g6 12. Nh2 Bg5 13. Nd5 Nc7 14. Nxc7 Qxc7 15. Nf1 Rae8 16. Ne3 Qd8 17. Qc2 Re6 18. Rf1 Bxe3 19. dxe3 Qh4 20. Rad1 f5 21. f4 exf4 22. Rxf4 Qe7 23. exf5 Rxe3 24. Qd2 Rxf5 25. Rxf5 gxf5 26. Qd5+ Re6 27. Rf1 Ne5 28. Rxf5 Kg7 29. Rf3 b6 30. Rg3+ Rg6 31. Re3 Re6 32. Kh2 Kf8 33. Re4 Kg7 34. a3 Kf8 35. b4 Kg7 36. bxc5 bxc5 37. Re3 Qf6 38. Rg3+ Kf7 39. Qa8 Re8 40. Qxa7+ Qe7 41. Qa4 Qh4 42. Qc2 Re6 43. Bxe5 1-0

[Event "Turkish Super League 2019"]
[Site "Konya"]
[Date "2019.07.27"]
[Round "12"]
[White "Rasulov, Vugar"]
[Black "Saric, Ivan"]
[Result "1-0"]
[ECO "B90"]
[WhiteElo "2534"]
[BlackElo "2681"]
[Annotator "ChessBase"]
[PlyCount "117"]
[EventDate "2019.07.17"]
[EventType "team-tourn"]
[EventCountry "TUR"]
[SourceTitle "playchess.com"]
[Source "ChessBase"]
[SourceQuality "1"]
[TimeControl "40/5400+30:1800+30"]

1. e4 c5 2. Nf3 d6 3. d4 cxd4 4. Nxd4 Nf6 5. Nc3 a6 6. Be3 e5 7. Nf3 Qc7 8. a4 Be7 9. Be2 O-O 10. a5 Nc6 11. Bb6 Qb8 12. Nd5 Nxe4 13. Ra4 Nc5 14. Bc7 Qa7 15. Nxe5 dxe5 16. Bb6 Nxa4 17. Bxa7 Rxa7 18. Qa1 Bd8 19. Qxa4 Bxa5+ 20. c3 b5 21. Qa3 Be6 22. Bf3 e4 23. Bxe4 Bxd5 24. Bxd5 Re8+ 25. Kf1 Rd7 26. Qc5 Ne5 27. g3 Nd3 28. Qc6 Red8 29. Qxa6 Rxd5 30. Qxa5 Nxb2 31. Kg2 Nd3 32. Qc7 g6 33. Ra1 Re8 34. Qc6 Rde5 35. Ra8 Rxa8 36. Qxa8+ Kg7 37. Qd8 Ne1+ 38. Kf1 Nf3 39. h3 h5 40. Qd3 Rf5 41. Qe3 Kg8 42. Kg2 Ne5 43. f4 Nc4 44. Qe4 Rd5 45. g4 hxg4 46. hxg4 Kg7 47. Kg3 Rd1 48. f5 Rd6 49. Kf4 gxf5 50. gxf5 Rd2 51. Qf3 Nd6 52. Qc6 Rd1 53. Qg2+ Kf8 54. Kg5 Rd3 55. Qc6 Kg7 56. f6+ Kf8 57. Qc7 Kg8 58. Qd8+ Kh7 59. Qf8 1-0

[Event "Turkish Super League 2019"]
[Site "Konya"]
[Date "2019.07.27"]
[Round "12"]
[White "Gholami, Aryan"]
[Black "Lobanov, Sergei"]
[Result "1-0"]
[ECO "A11"]
[WhiteElo "2532"]
[BlackElo "2505"]
[Annotator "ChessBase"]
[PlyCount "59"]
[EventDate "2019.07.17"]
[EventType "team-tourn"]
[EventCountry "TUR"]
[SourceTitle "playchess.com"]
[Source "ChessBase"]
[SourceQuality "1"]
[TimeControl "40/5400+30:1800+30"]

1. Nf3 d5 2. g3 Nf6 3. Bg2 c6 4. c4 g6 5. b3 Bg7 6. Bb2 O-O 7. O-O a5 8. Nc3 Ne4 9. Na4 Bxb2 10. Nxb2 Na6 11. a3 Qd6 12. d3 Nf6 13. Qd2 b6 14. Na4 Rb8 15. d4 Ne4 16. Qe3 f6 17. Ne1 Qe6 18. Nd3 g5 19. Rfc1 Bd7 20. b4 axb4 21. axb4 dxc4 22. Bxe4 cxd3 23. Rxc6 Qf7 24. Rxb6 Nxb4 25. Rb1 Bxa4 26. R6xb4 Rxb4 27. Rxb4 Bc2 28. exd3 Bb3 29. Rb7 Rc8 30. Bf5 1-0